 Dungeon Crawl Stone Soup version 0.23.0-3-gf3c87f2 (webtiles) character file.

Game seed: 357792202067739973

10173 Jaiteiro the Blocker (level 11, -7/84 HPs)
             Began as a Formicid Fighter on Feb 24, 2019.
             Was a High Priest of Cheibriados.
             Mangled by a ten-headed hydra (8 damage)
             ... on level 12 of the Dungeon.
             The game lasted 00:41:08 (8692 turns).

Jaiteiro the Blocker (Formicid Fighter)             Turns: 8692, Time: 00:41:10

Health: -7/84      AC: 24    Str: 39    XL:     11   Next: 88%
Magic:  14/14      EV:  9    Int: 24    God:    Cheibriados [*****.]
Gold:   359        SH: 16    Dex: 24    Spells: 10/10 levels left

rFire    . . .     SeeInvis +   b - +3 lajatang "Udot" {protect, Int+3}
rCold    . . .     Gourm    .   c - +0 shield
rNeg     . . .     Faith    .   J - +3 chain mail {MR+}
rPois    .         Spirit   .   (helmet unavailable)
rElec    .         Reflect  .   L - scarf {repulsion}
rCorr    .         Harm     .   (no gloves)
MR       ++...                  m - +2 pair of boots
Stlth    ..........             (no amulet)
HPRegen  0.24/turn              E - ring of flight
MPRegen  0.14/turn              N - +2 ring of protection

@: protection aura, repel missiles, very slow
A: permanent stasis, dig shafts and tunnels, four strong arms, antennae 3
a: Dig, Shaft Self, Bend Time, Temporal Distortion, Slouch, Step From Time,
Renounce Religion, Evoke Flight


You were on level 12 of the Dungeon.
You worshipped Cheibriados.
Cheibriados was extremely pleased with you.
You were not hungry.

You visited 1 branch of the dungeon, and saw 10 of its levels.

You collected 359 gold pieces.

Inventory:

Hand Weapons
 a - a +4 battleaxe
 b - the +3 lajatang "Udot" (weapon) {protect, Int+3}
   (You found it on level 4 of the Dungeon)

   It protects the one who uses it against injury (+AC on strike).
   It affects your intelligence (+3).
 B - a +2 flail of crushing
 P - a +5 war axe
Missiles
 k - 224 stones
 v - 97 sling bullets
 y - 9 tomahawks (quivered)
 D - 4 throwing nets
Armour
 c - a +0 shield (worn)
 m - a +2 pair of boots (worn)
 F - a +1 scale mail of poison resistance
 J - a +3 chain mail of magic resistance (worn)
 L - a scarf of repulsion (worn)
Magical Staves
 M - an uncursed staff of earth
Jewellery
 E - a ring of flight (left hand)
 N - a +2 ring of protection (right hand)
Wands
 g - a wand of disintegration (19)
 C - a wand of acid (17)
 G - a wand of flame (19)
 H - a wand of paralysis (5)
 I - a wand of polymorph (9)
Scrolls
 e - a scroll of noise {unknown}
 h - 4 scrolls of identify
 j - 3 scrolls of blinking {unknown}
 o - a scroll of fog {unknown}
 r - 5 scrolls of enchant armour {unknown}
 s - 7 scrolls of remove curse
 u - 3 scrolls of fear {unknown}
 A - a scroll of amnesia {unknown}
Potions
 d - 3 potions of might
 i - a potion of berserk rage {unknown}
 l - 2 potions of flight
 n - 3 potions of curing
 p - 2 potions of magic
 q - 2 potions of heal wounds
 t - 2 potions of lignification
 w - a potion of invisibility {unknown}
 x - 2 potions of mutation {unknown}
 z - 3 potions of ambrosia
 K - a potion of cancellation {unknown}
 O - 2 potions of brilliance {unknown}
 R - a potion of agility
Comestibles
 f - 22 rations
 Q - 16 chunks of flesh


   Skills:
 + Level 7.3 Fighting
 * Level 11.5 Axes
 - Level 3.2 Armour
 * Level 12.8 Shields
 * Level 5.2 Invocations
 * Level 4.6 Evocations


You had 10 spell levels left.
You didn't know any spells.
Your spell library was empty.

Dungeon Overview and Level Annotations

Branches:
Dungeon (9/15)             Temple (0/1) D:4            Lair (0/6) D:9
    Orc: D:9-12

Altars:
Cheibriados
Dithmenos
Elyvilon
Hepliaklqana
Makhleb
Nemelex Xobeh
Qazlal
Ru
Sif Muna
Uskayaw
Yredelemnul
The Shining One

Shops:
D:7 =


Innate Abilities, Weirdness & Mutations

You cannot be hasted, slowed, berserked, paralysed or teleported.
You can dig through walls and to a lower floor.
Your four strong arms can wield two-handed weapons with a shield.
You have a pair of large antennae on your head. (SInv)


Message History

The nine-headed hydra bites you but does no damage.
The nine-headed hydra bites you. The nine-headed hydra misses you.
The nine-headed hydra bites you.
You block the nine-headed hydra's attack.
The nine-headed hydra bites you!
* * * LOW HITPOINT WARNING * * *
The nine-headed hydra bites you but does no damage. x2
You slice one of the nine-headed hydra's heads off!
The eight-headed hydra grows two more!
You slash the ten-headed hydra!
The ten-headed hydra is heavily wounded.
You block the ten-headed hydra's attack.
The ten-headed hydra bites you!
* * * LOW HITPOINT WARNING * * *
The ten-headed hydra closely misses you.
The ten-headed hydra bites you but does no damage.
You block the ten-headed hydra's attack.
The ten-headed hydra bites you!
* * * LOW HITPOINT WARNING * * *
The ten-headed hydra bites you!
You die...

..### ...#.. { {
.....######### #
...... ......# ..
.....# #.##.# ...
.....####....# ....
.....##......###
{{S..#
......>.###....###YS#
.....######[##..@DYY#
.....#####..##.####.#
.....##....##..#
.....##.#####.##
........# ..
>......## [##
........# ##
รท.........
........###


You could see a ten-headed hydra, 3 yaks and 2 adders.

Vanquished Creatures
  Harold (D:8)
  A two-headed ogre (D:12)
  Pikel (D:4)
  A cyclops (D:12)
  Joseph (D:8)
  Maurice (D:8)
  A kobold demonologist (D:12)
  2 hippogriffs
  A spriggan (D:7)
  A wraith (D:12)
  7 yaks (D:12)
  A vampire (D:12)
  A basilisk (D:12)
  2 vampire mosquitoes (D:12)
  3 water moccasins
  3 porcupines (D:9)
  2 orc warriors
  2 phantoms (D:7)
  A black bear (D:9)
  An ogre (D:7)
  2 centaurs
  An eye of draining (D:12)
  2 crocodiles (D:9)
  7 bullfrogs
  4 scorpions
  A water moccasin skeleton (D:9)
  9 killer bees
  14 wights
  2 howler monkeys
  4 crimson imps
  8 hounds
  3 jellies
  2 bullfrog skeletons (D:5)
  2 orc priests (D:4)
  10 orc wizards
  2 centaur skeletons (D:7)
  Jessica (D:9)
  4 iguanas
  Natasha (thrice) (D:2)
  7 worker ants
  A killer bee zombie (D:7)
  A hound zombie (D:5)
  A howler monkey skeleton (D:4)
  A worker ant zombie (D:7)
  10 gnolls
  5 adders
  A shadow imp (D:4)
  An ooze (D:7)
  3 adder skeletons
  3 adder zombies
  A worm (D:4)
  4 dart slugs
  5 leopard geckos
  25 orcs
  3 ball pythons
  5 bats
  9 giant cockroaches
  8 goblins
  6 hobgoblins
  20 jackals
  A quokka (D:4)
  2 frilled lizards
  2 kobolds
  A leopard gecko skeleton (D:5)
  3 quokka skeletons
  A quokka zombie (D:7)
  9 rats
  8 fungi (D:9)
  4 plants (D:9)
266 creatures vanquished.

Vanquished Creatures (others)
  A slave (D:4)
  4 fungi (D:9)
5 creatures vanquished.

Grand Total: 271 creatures vanquished

Notes
Turn   | Place    | Note
-------+----------+-------------------------------------------
     0 | D:1      | Jaiteiro the Formicid Fighter began the quest for the Orb.
     0 | D:1      | Reached XP level 1. HP: 18/18 MP: 1/1
   123 | D:1      | Reached XP level 2. HP: 24/24 MP: 2/2
   144 | D:1      | Reached skill level 4 in Shields
   495 | D:2      | Reached XP level 3. HP: 29/29 MP: 3/3
   823 | D:2      | Found a stormy altar of Qazlal.
   929 | D:2      | Reached XP level 4. HP: 36/36 MP: 4/4
   933 | D:2      | Noticed Natasha
   941 | D:2      | Killed Natasha
  1315 | D:2      | Noticed Natasha
  1326 | D:2      | Killed Natasha
  1326 | D:2      | Reached XP level 5. HP: 13/42 MP: 5/5
  1408 | D:2      | Noticed Natasha
  1538 | D:2      | Killed Natasha
  1833 | D:3      | Found a snail-covered altar of Cheibriados.
  1842 | D:3      | Became a worshipper of Cheibriados the Contemplative
  1848 | D:3      | Found a shadowy altar of Dithmenos.
  1850 | D:3      | Found a glowing golden altar of the Shining One.
  2055 | D:3      | Reached skill level 5 in Shields
  2055 | D:3      | Reached XP level 6. HP: 32/48 MP: 6/6
  2527 | D:3      | Reached skill level 5 in Axes
  2567 | D:4      | Found a staircase to the Ecumenical Temple.
  2600 | D:4      | Reached * piety under Cheibriados
  2605 | D:4      | Reached XP level 7. HP: 38/54 MP: 7/7
  3071 | D:4      | Reached skill level 6 in Shields
  3080 | D:4      | Got a crystal lajatang
  3081 | D:4      | Identified the cursed +3 lajatang "Udot" {protect, Int+3}
                  | (You found it on level 4 of the Dungeon)
  3219 | D:4      | You fall through a shaft!
  3219 | D:5      | Entered Level 5 of the Dungeon
  3352 | D:4      | Reached ** piety under Cheibriados
  3373 | D:4      | Noticed Pikel
  3388 | D:4      | Killed Pikel
  3388 | D:4      | Reached skill level 7 in Shields
  3388 | D:4      | Reached XP level 8. HP: 28/61 MP: 8/8
  3608 | D:4      | Found a basalt altar of Yredelemnul.
  3666 | D:4      | Found a white marble altar of Elyvilon.
  3874 | D:5      | Reached skill level 8 in Shields
  3917 | D:5      | Reached skill level 5 in Fighting
  3917 | D:5      | Reached XP level 9. HP: 68/68 MP: 9/9
  4406 | D:6      | Reached skill level 9 in Shields
  4632 | D:6      | Found a burning altar of Makhleb.
  4633 | D:6      | Reached *** piety under Cheibriados
  5348 | D:7      | Reached skill level 1 in Invocations
  5354 | D:7      | Reached skill level 1 in Evocations
  5548 | D:7      | Reached skill level 10 in Shields
  5594 | D:7      | HP: 3/69 [killer bee (7)]
  5606 | D:7      | HP: 3/69 [poisoned by a water moccasin]
  5869 | D:7      | Found Gipsa's Jewellery Emporium.
  5933 | D:7      | Noticed a hippogriff
  5937 | D:7      | Reached **** piety under Cheibriados
  5937 | D:7      | Reached XP level 10. HP: 70/76 MP: 11/11
  5999 | D:7      | Reached skill level 11 in Shields
  6041 | D:7      | Identified the +1 scale mail of Maimm {Dex+5}
  6145 | D:7      | Found a hide-covered altar of Uskayaw.
  6145 | D:7      | Found a hazy altar of Hepliaklqana.
  6145 | D:7      | Found a deep blue altar of Sif Muna.
  6147 | D:7      | Found a sparkling altar of Nemelex Xobeh.
  6147 | D:7      | Found a sacrificial altar of Ru.
  6522 | D:8      | Noticed Maurice
  6531 | D:8      | Killed Maurice
  6550 | D:8      | Noticed Joseph
  6562 | D:8      | Killed Joseph
  6564 | D:8      | Noticed Harold
  6575 | D:8      | Killed Harold
  6595 | D:8      | Reached skill level 10 in Axes
  6599 | D:8      | Reached ***** piety under Cheibriados
  6761 | D:8      | Reached XP level 11. HP: 43/83 MP: 13/13
  7268 | D:8      | Found a white marble altar of Elyvilon.
  7325 | D:8      | Reached skill level 12 in Shields
  7835 | D:9      | Found a staircase to the Lair.
  7958 | D:9      | Found a sparkling altar of Nemelex Xobeh.
  7958 | D:9      | Noticed Jessica
  7963 | D:9      | Killed Jessica
  8012 | D:9      | You fall through a shaft for 3 floors!
  8056 | D:12     | Noticed a cyclops
  8066 | D:12     | Killed a cyclops
  8250 | D:12     | Noticed a two-headed ogre
  8259 | D:12     | Killed a two-headed ogre
  8508 | D:12     | Reached skill level 5 in Invocations
  8674 | D:12     | Noticed a five-headed hydra
  8692 | D:12     | HP: 1/84 [ten-headed hydra (12)]
  8692 | D:12     | Mangled by a ten-headed hydra

Skill      XL: |  1  2  3  4  5  6  7  8  9 10 11 |
---------------+----------------------------------+-----
Shields        | 4 5 7 8 10 11 12 | 12.8
Axes           | 3 4 5 7 8 10 11 | 11.5
Fighting       | 4 5 6 7 |  7.3
Invocations    | 2 3 5 |  5.2
Evocations     | 1 3 4 |  4.6
Armour         | |  3.2

Action                   |  1- 3 |  4- 6 |  7- 9 | 10-12 || total
-------------------------+-------+-------+-------+-------++-------
Melee: War axe           |    79 |   166 |    40 |    44 ||   329
       Lajatang          |       |       |   254 |    37 ||   291
       Battleaxe         |       |       |       |   176 ||   176
Throw: Tomahawk          |       |       |       |     6 ||     6
       Stone             |       |       |       |     3 ||     3
 Abil: Dig               |       |       |       |     1 ||     1
  Use: Potion            |       |       |     2 |     1 ||     3
       Scroll            |       |       |       |     8 ||     8
  Eat: Chunk             |       |     3 |     5 |     5 ||    13
       Ration            |       |     1 |       |       ||     1
Armor: Scale mail        |    65 |    88 |    20 |    29 ||   202
       Chain mail        |       |       |   190 |    79 ||   269
       Skin              |       |       |       |    14 ||    14
Dodge: Dodged            |    40 |    67 |   130 |    96 ||   333
       Deflected         |       |       |       |     3 ||     3
Block: Shield            |    64 |   105 |   280 |   273 ||   722
